 Dungeon Crawl Stone Soup version 0.26-a0-1058-g8dc6ce00ff (webtiles) character file.

Game seed: 12518475994472622625

858 Conn the Firebug (level 7, -1/36 HPs)
             Began as a Deep Elf Fire Elementalist on Dec 13, 2020.
             Slain by a mummy (6 damage)
             ... in an ossuary.
             The game lasted 00:14:33 (5244 turns).

Conn the Firebug (Deep Elf Fire Elementalist)       Turns: 5244, Time: 00:14:34

Health: -1/36      AC: 10    Str:  5    XL:     7   Next: 71%
Magic:  18/18      EV: 14    Int: 22    God:
Gold:   193        SH:  0    Dex: 15    Spells: 2/18 levels left

rFire    . . .     SeeInvis +   b - +0 short sword
rCold    . . .     Faith    .   (no shield)
rNeg     . . .     Spirit   .   t - +2 robe {Will+}
rPois    .         Reflect  .   n - +1 helmet
rElec    .         Harm     .   x - +2 cloak
rCorr    .         Rampage  .   y - +0 pair of gloves
Will     ++...                  (no boots)
Stlth    ++........             w - amulet of regeneration
HPRegen  0.52/turn              k - ring of willpower
MPRegen  0.16/turn              q - ring of see invisible

@: mighty, about to teleport, marked
A: no striking features
a: no special abilities


You were in an ossuary.
You visited 1 branch of the dungeon, and saw 4 of its levels.
You also visited: Ossuary.

You collected 193 gold pieces.

Inventory:

Hand Weapons
 b - a +0 short sword (weapon)
Missiles
 j - 2 javelins
Armour
 a - a +0 robe
 n - a +1 helmet (worn)
 t - a +2 robe of willpower (worn)
 x - a +2 cloak (worn)
 y - a +0 pair of gloves (worn)
Magical Staves
 r - an uncursed staff of cold
Jewellery
 k - a ring of willpower (left hand)
 q - a ring of see invisible (right hand)
 w - an amulet of regeneration (around neck)
 z - an uncursed ring of flight
Scrolls
 c - 3 scrolls of remove curse
 e - a scroll of amnesia
 h - 5 scrolls of identify {unknown}
 m - 3 scrolls of teleportation
 o - 2 scrolls of magic mapping {unknown}
 p - a scroll of fog {unknown}


   Skills:
 + Level 0.2 Fighting
 + Level 1.1 Short Blades
 + Level 3.8 Dodging
 + Level 3.3 Stealth
 + Level 6.3 Spellcasting
 * Level 4.5 Conjurations
 * Level 6.6 Fire Magic


You had 2 spell levels left.
You knew the following spells:

 Your Spells              Type           Power        Failure   Level
a - Foxfire               Conj/Fire      ####         1%          1
b - Conjure Flame         Conj/Fire      ####....     2%          3
c - Inner Flame           Hex/Fire       ###.....     7%          3
d - Sticky Flame          Conj/Fire      ####....     9%          4
e - Fireball              Conj/Fire      ####......   24%         5

Your spell library contained the following spells:

 Spells                   Type           Power        Failure   Level


Dungeon Overview and Level Annotations

Branches:
Dungeon (4/15)            Ossuary (1/1)
 Temple: D:4-7

Altars:

Shops:
D:4 (


Message History

Really abort (and waste the scroll)?
Okay, then.
The mummy hits you! The mummy closely misses you.
The big kobold zombie hits you but does no damage.
Unknown command.
Unknown command.
As you read the scroll labelled UCRECA DONAUS, it crumbles to dust.
It is a scroll of enchant armour.
Your +0 helmet glows green for a moment.
The mummy closely misses you.
As you read the scroll labelled WUTROUL OTEEJ, it crumbles to dust.
You feel strangely unstable.
It was a scroll of teleportation.
The big kobold zombie closely misses you.
The mummy closely misses you. The mummy hits you!
* * * LOW HITPOINT WARNING * * *
It was a potion of might.
You feel very mighty all of a sudden.
The big kobold zombie hits you but does no damage.
The mummy hits you.
You die...

# #
###########.#.#
##............^.
#...............
#MM...∩.∩..^....
#@M.......^^.^^.
##Z.............
###########.#.#
# #


You could see 3 mummies and a big kobold zombie.

Vanquished Creatures
  Grinder (D:3)
  Sigmund (D:3)
  4 centaur zombies (Ossuary)
  An orc priest (D:3)
  An iguana (D:4)
  An orc wizard (D:3)
  A worker ant (D:4)
  2 big kobold zombies (Ossuary)
  3 mummies (Ossuary)
  Robin (D:2)
  4 gnolls (D:2)
  3 adders (D:3)
  2 oozes (D:3)
  3 worms
  4 dart slugs
  2 leopard geckos (D:3)
  5 orcs (D:3)
  7 giant cockroaches
  12 goblins
  8 hobgoblins
  9 jackals
  3 quokkas
  3 ball pythons
  3 bats (D:3)
  5 frilled lizards
  9 kobolds
  A leopard gecko skeleton (D:4)
  8 rats
107 creatures vanquished.

Vanquished Creatures (others)
  446 foxfires
446 creatures vanquished.

Grand Total: 553 creatures vanquished

Notes
Turn   | Place    | Note
-------+----------+-------------------------------------------
     0 | D:1      | Conn the Deep Elf Fire Elementalist began the quest for the
                  | Orb.
     0 | D:1      | Reached XP level 1. HP: 10/10 MP: 6/6
   343 | D:1      | Reached XP level 2. HP: 15/15 MP: 2/8
  1637 | D:2      | Reached XP level 3. HP: 15/19 MP: 3/9
  1645 | D:2      | Learned a level 3 spell: Conjure Flame
  1649 | D:2      | Learned a level 3 spell: Inner Flame
  2081 | D:2      | Noticed Robin
  2404 | D:2      | Reached XP level 4. HP: 17/24 MP: 4/12
  2915 | D:2      | Killed Robin
  3279 | D:3      | Learned a level 4 spell: Sticky Flame
  3343 | D:3      | Reached XP level 5. HP: 28/28 MP: 10/13
  3667 | D:3      | Noticed Sigmund
  3689 | D:3      | Killed Sigmund
  3690 | D:3      | Reached skill level 5 in Fire Magic
  3690 | D:3      | Reached XP level 6. HP: 32/32 MP: 4/15
  3935 | D:3      | Noticed Grinder
  3952 | D:3      | Killed Grinder
  3953 | D:3      | Reached skill level 1 in Short Blades
  3953 | D:3      | Reached skill level 5 in Spellcasting
  4112 | D:3      | Reached XP level 7. HP: 36/36 MP: 15/17
  4638 | D:3      | Learned a level 5 spell: Fireball
  4923 | D:4      | Found Xagaysua's Antique Weapon Emporium.
  5061 | D:4      | Found a sand-covered staircase.
  5087 | Ossuary  | Entered an ossuary
  5244 | Ossuary  | Slain by a mummy

Illustrated notes

Levels and vault maps discovered:
D:1:      ncdulo_lavacross, layout_loops_corners, minmay_crystal_room
D:2:      layout_basic, uniq_robin
D:3:      layout_loops_corners, uniq_sigmund, uniq_grinder
D:4:      layout_loops_ring, chequers_ossuary_entry_cave, serial_shops,
          nicolae_shop_stone
Ossuary:  ossuary_the_hunt_dpeg

Skill      XL: |  1  2  3  4  5  6  7 |
---------------+----------------------+-----
Fire Magic     | 4 5 6 |  6.6
Spellcasting   | 4 5 6 |  6.3
Stealth        | 3 |  3.3
Conjurations   | 2 3 4 |  4.5
Dodging        | 3 |  3.8
Short Blades   | 1 |  1.1
Fighting       | |  0.2

Action                   |  1- 3 |  4- 6 |  7- 9 || total
-------------------------+-------+-------+-------++-------
Melee: Short sword       |    11 |    10 |    31 ||    52
 Cast: Foxfire           |   110 |    92 |    64 ||   266
       Conjure Flame     |       |     2 |       ||     2
       Sticky Flame      |       |       |     4 ||     4
  Use: Potion            |       |       |     7 ||     7
       Scroll            |       |       |     4 ||     4
 Stab: Sleeping          |       |     1 |     1 ||     2
Armor: Robe              |     6 |     4 |    25 ||    35
       Skin              |       |       |    64 ||    64
Dodge: Dodged            |    60 |    23 |    65 ||   148

Table legend: (Time is in decaauts)
 A = Elapsed time spent in this place.
 B = Non-inter-level travel time spent in this place.
 C = Inter-level travel time spent in this place.
 D = Time resting spent in this place.
 E = Time spent auto-exploring this place.
 F = Levels seen in this place.
 G = Mean time per level.
                   A        B        C        D        E       F      G
               +--------+--------+--------+--------+--------+-----+--------+
         Total |   5243 |   5135 |    108 |    537 |   3134 |   5 | 1048.6 |
       Dungeon |   5085 |   4977 |    108 |    480 |   3134 |   4 | 1271.2 |
       Ossuary |    157 |    157 |      0 |     57 |      0 |   1 |  157.0 |
               +--------+--------+--------+--------+--------+-----+--------+

Top non-repeatable levels by time:
     D:2: 1819 daAuts
     D:3: 1485 daAuts
     D:1: 1373 daAuts
     D:4: 407 daAuts
 Ossuary: 157 daAuts
